 Dungeon Crawl Stone Soup version 0.26.1-11-gd32895ea62 (webtiles) character file.

Game seed: 8376112623941648093

3209 diana the Skirmisher (level 9, -10/72 HPs)
             Began as a Demonspawn Gladiator on Apr 17, 2021.
             Was an Initiate of Gozag.
             Mangled by a two-headed ogre
             ... wielding a cursed -1 giant club
              (15 damage)
             ... on level 9 of the Dungeon.
             The game lasted 00:09:01 (9378 turns).

diana the Skirmisher (Demonspawn Gladiator)         Turns: 9378, Time: 00:09:02

Health: -10/72     AC:  9    Str: 15    XL:     9   Next: 65%
Magic:  9/9        EV: 21    Int: 12    God:    Gozag
Gold:   720        SH:  0    Dex: 21    Spells: 8/8 levels left

rFire    . . .     SeeInvis .   a - +0 quarterstaff
rCold    . . .     Faith    .   (shield currently unavailable)
rNeg     . . .     Spirit   .   b - +0 leather armour
rPois    .         Reflect  .   c - +0 helmet
rElec    .         Harm     .   p - +0 cloak
rCorr    .         Rampage  .   g - +0 pair of gloves
Will     .....                  (no boots)
Stlth    ++........             (no amulet)
HPRegen  0.22/turn              v - +4 ring of evasion
MPRegen  0.11/turn              A - +6 ring of dexterity

@: mighty
A: icy blue scales 1, foul stench 1, powered by pain 2, miasma immunity
a: Renounce Religion, Potion Petition, Call Merchant, Bribe Branch


You were on level 9 of the Dungeon.
You worshipped Gozag.
Gozag was pleased with you.
You visited 2 branches of the dungeon, and saw 10 of its levels.

You collected 834 gold pieces.
You paid 114 gold pieces to Gozag.

Inventory:

Hand Weapons
 a - a +0 quarterstaff (weapon)
Missiles
 d - 3 throwing nets (quivered)
Armour
 b - a +0 leather armour (worn)
 c - a +0 helmet (worn)
 g - a +0 pair of gloves (worn)
 p - a +0 cloak (worn)
Jewellery
 v - a +4 ring of evasion (left hand)
 A - a +6 ring of dexterity (right hand)
 D - an uncursed ring of positive energy {unknown}
 F - an uncursed ring of protection from cold {unknown}
Wands
 x - a wand of flame (9)
 y - a wand of polymorph (10)
Scrolls
 f - 7 scrolls of identify
 i - 8 scrolls of teleportation {unknown}
 l - 2 scrolls of magic mapping {unknown}
 m - 4 scrolls of blinking {unknown}
 n - 2 scrolls of enchant weapon {unknown}
 q - 8 scrolls of remove curse {unknown}
 u - 2 scrolls of random uselessness {unknown}
 w - 2 scrolls of fear {unknown}
 B - a scroll of amnesia {unknown}
 C - a scroll of vulnerability {unknown}
 G - a scroll of silence {unknown}
Potions
 e - a potion of haste {unknown}
 h - 6 potions of curing
 j - 2 potions of heal wounds
 k - 3 potions of magic {unknown}
 o - a potion of ambrosia {unknown}
 r - 2 potions of brilliance {unknown}
 s - a potion of lignification {unknown}
 t - a potion of berserk rage {unknown}
 z - 2 potions of flight {unknown}
 E - 3 potions of attraction {unknown}


   Skills:
 + Level 7.5 Fighting
 + Level 7.1 Staves
 - Level 1.7 Throwing
 - Level 5.0 Armour
 + Level 7.1 Dodging


You had 8 spell levels left.
You didn't know any spells.
Your spell library contained the following spells:

 Spells                   Type           Power        Failure   Level
 Foxfire                  Conj/Fire      0%           36%         1
 Conjure Flame            Conj/Fire      0%           75%         3
 Inner Flame              Hex/Fire       0%           75%         3
 Sticky Flame             Conj/Fire      0%           98%         4
 Fireball                 Conj/Fire      0%           100%        5


Dungeon Overview and Level Annotations

Branches:
Dungeon (9/15)             Temple (1/1) D:6
   Lair: D:8-11         Orc: D:9-12

Altars:
Ashenzari
Cheibriados
Dithmenos
Elyvilon
Fedhas
Gozag
Hepliaklqana
Kikubaaqudgha
Makhleb
Nemelex Xobeh
Okawaru
Qazlal
Ru
Sif Muna
Trog
Uskayaw
Vehumet
Wu Jian
Xom
Yredelemnul
Zin
The Shining One


Innate Abilities, Weirdness & Mutations

You are partially covered in icy blue scales. (AC +2)
You may emit foul miasma when damaged in melee.
You sometimes gain power by taking damage.
You are immune to miasma.


Message History

You are too injured to fight recklessly!
You are too injured to fight recklessly!
You are too injured to fight recklessly!
You are too injured to fight recklessly!
You are too injured to fight recklessly!
You are too injured to fight recklessly!
You hit the two-headed ogre but do no damage.
The two-headed ogre is almost dead.
You completely miss the two-headed ogre.
The two-headed ogre is almost dead.
The two-headed ogre hits you with a cursed -1 giant club!!
* * * LOW HITPOINT WARNING * * *
You focus on the pain.
You feel very mighty all of a sudden. The two-headed ogre misses you.
You hit the two-headed ogre.
The two-headed ogre is almost dead.
The two-headed ogre hits you with a cursed -1 giant club!
You die...
Your body crumbles into a pile of gold.

#######....#
......##...#
#...##..+
#......#
+.8....### $
##..........
..####...##...###
........##....#
#######@# ....#
.......O#######
..####...##
##.8.# $ +...#
##.8.#
...####...##
#..O.....##
########+#


You could see a two-headed ogre (sick).

Vanquished Creatures
  Pikel (D:4)
  A water moccasin (D:5)
  3 ice beasts (D:8)
  A sky beast (D:8)
  A phantom (D:6)
  A necrophage (D:5)
  4 ogres
  2 centaurs
  A big kobold (D:9)
  A bullfrog (D:6)
  A wyvern skeleton (D:6)
  4 scorpions
  2 howler monkeys
  A centaur zombie (D:9)
  A quasit (D:7)
  9 hounds
  3 orc priests
  A jelly (D:5)
  A bullfrog skeleton (D:7)
  Jessica (D:2)
  2 iguanas
  Natasha (thrice) (D:3)
  8 worker ants
  2 orc wizards
  2 hound skeletons
  3 gnolls (D:5)
  7 adders
  A shadow imp (D:8)
  A white imp (D:7)
  3 oozes
  3 adder skeletons
  3 worms
  2 dart slugs
  4 leopard geckos
  8 orcs
  6 ball pythons
  7 giant cockroaches
  6 goblins
  7 hobgoblins
  16 jackals
  4 quokkas
  6 bats
  4 frilled lizards
  17 kobolds
  A leopard gecko skeleton (D:9)
  11 rats
177 creatures vanquished.

Notes
Turn   | Place    | Note
-------+----------+-------------------------------------------
     0 | D:1      | diana the Demonspawn Gladiator began the quest for the Orb.
     0 | D:1      | Reached XP level 1. HP: 16/16 MP: 1/1
   146 | D:1      | Gained mutation: You are immune to miasma. [demonic
                  | ancestry]
   146 | D:1      | Reached XP level 2. HP: 22/22 MP: 2/2
   299 | D:1      | Reached skill level 1 in Armour
   860 | D:2      | Reached XP level 3. HP: 28/28 MP: 3/3
  1369 | D:2      | Found a faded altar of an unknown god.
  1664 | D:2      | Noticed Jessica
  1669 | D:2      | Killed Jessica
  1670 | D:2      | Gained mutation: You sometimes gain a little power by
                  | taking damage. [demonic ancestry]
  1670 | D:2      | Reached XP level 4. HP: 31/34 MP: 4/4
  1958 | D:3      | Noticed Natasha
  2141 | D:3      | Killed Natasha
  2268 | D:3      | Noticed an ice beast
  2405 | D:3      | Noticed Natasha
  2410 | D:3      | Reached XP level 5. HP: 39/40 MP: 5/5
  2423 | D:3      | Killed Natasha
  3021 | D:3      | Noticed Natasha
  3036 | D:3      | Killed Natasha
  3288 | D:4      | Gained mutation: You may emit foul miasma when damaged in
                  | melee. [demonic ancestry]
  3288 | D:4      | Reached XP level 6. HP: 43/47 MP: 6/6
  3551 | D:4      | Noticed Pikel
  3586 | D:4      | Killed Pikel
  3587 | D:4      | Gained mutation: You are partially covered in icy blue
                  | scales. (AC +2) [demonic ancestry]
  3587 | D:4      | Reached XP level 7. HP: 32/54 MP: 7/7
  4051 | D:4      | Found a basalt altar of Yredelemnul.
  4217 | D:4      | Reached skill level 5 in Armour
  4303 | D:4      | Gained mutation: You sometimes gain power by taking damage.
                  | [demonic ancestry]
  4303 | D:4      | Reached XP level 8. HP: 60/61 MP: 8/8
  4561 | D:5      | Entered Level 5 of the Dungeon
  4817 | D:5      | Reached skill level 5 in Fighting
  4817 | D:5      | Reached skill level 5 in Staves
  4817 | D:5      | Reached skill level 5 in Dodging
  5241 | D:5      | Found a bloodstained altar of Trog.
  6520 | D:6      | Found a staircase to the Ecumenical Temple.
  6526 | Temple   | Entered the Ecumenical Temple
  6645 | Temple   | Became a worshipper of Gozag Ym Sagoz the Greedy
  6716 | D:6      | Reached XP level 9. HP: 46/69 MP: 9/9
  6896 | D:6      | Found a sparkling altar of Nemelex Xobeh.
  8331 | D:8      | Found a sacrificial altar of Ru.
  9356 | D:9      | Noticed a two-headed ogre
  9378 | D:9      | Mangled by a two-headed ogre

Illustrated notes

Levels and vault maps discovered:
D:1:      dpeg_arrival_pits, layout_loops_ring, feat_on_display
D:2:      layout_basic, chequers_ecumenical_altar_twisty, uniq_jessica
D:3:      minmay_general_purpose_star, layout_rooms, uniq_natasha
D:4:      layout_basic, yredelemnul_altar_generic, uniq_pikel
D:5:      layout_basic, trog_three_pillars_becter
D:6:      layout_basic, minmay_temple_entry_trees, basic_altar,
          grunt_ministairs_11, minmay_circle_x
D:7:      layout_basic
D:8:      layout_basic, nicolae_ru_path_of_blood
D:9:      layout_stronghold, david_orc_1_choice, nicolae_sextant
Temple:   compressed_dpeg_circular_temple

Skill      XL: |  1  2  3  4  5  6  7  8  9 |
---------------+----------------------------+-----
Armour         | 1 2 3 4 5 |  5.0
Staves         | 3 4 6 7 |  7.1
Dodging        | 3 4 6 7 |  7.1
Fighting       | 3 4 6 7 |  7.5
Throwing       | |  1.7

Action                   |  1- 3 |  4- 6 |  7- 9 || total
-------------------------+-------+-------+-------++-------
Melee: Quarterstaff      |   127 |   174 |   563 ||   864
Throw: Throwing net      |     1 |       |       ||     1
  Use: Scroll            |       |     2 |       ||     2
 Stab: Sleeping          |     2 |     1 |     3 ||     6
       Distracted        |       |       |     2 ||     2
Armor: Leather armour    |    49 |    68 |   153 ||   270
Dodge: Dodged            |    95 |   161 |   599 ||   855
